 Dungeon Crawl Stone Soup version 0.30-a0-782-ge64f9170bb (webtiles) character file.

Game seed: 2506452066711528176

436 Barriton the Firebug (level 6, 0/45 HPs)
             Began as a Draconian Fire Elementalist on Feb 21, 2023.
             Slain by Duvessa
             ... wielding a +0 short sword
              (11 damage)
             ... on level 4 of the Dungeon.
             The game lasted 00:07:19 (4967 turns).

Barriton the Firebug (Draconian Fire Elementalist)  Turns: 4967, Time: 00:07:19

Health: 0/45       AC:  7    Str: 11    XL:     6   Next: 69%
Magic:  8/12       EV: 12    Int: 23    God:
Gold:   247        SH:  0    Dex: 11    Spells: 9/13 levels left

rFire   . . .      SeeInvis .    i - +2 quarterstaff (chaos)
rCold   . . .      Faith    .    (shield currently unavailable)
rNeg    . . .      Spirit   .    (body armour unavailable)
rPois   .          Reflect  .    (helmet restricted)
rElec   .          Harm     .    o - +0 cloak
rCorr   .          Rampage  .    (no gloves)
Will    .....                    (no boots)
Stlth   ++                       (no amulet)
HPRegen 0.27/turn                m - ring of wizardry
MPRegen 0.13/turn                h - +6 ring of intelligence

@: no status effects
A: AC +6, unfitting armour, cold-blooded
a: no special abilities


You were on level 4 of the Dungeon.
You visited 1 branch of the dungeon, and saw 4 of its levels.

You collected 247 gold pieces.

Inventory:

Hand Weapons
 i - a +2 quarterstaff of chaos (weapon)
Armour
 b - a +0 pair of gloves
 j - a +1 robe of willpower
 o - a +0 cloak (worn)
Jewellery
 h - a +6 ring of intelligence (right hand)
 m - a ring of wizardry (left hand)
Wands
 g - a wand of mindburst (21)
 l - a wand of flame (24)
 v - a wand of charming (12)
Scrolls
 c - 3 scrolls of amnesia
 q - a scroll of fog {unknown}
 r - a scroll of identify
 s - a scroll of magic mapping {unknown}
 t - a scroll of teleportation {unknown}
Potions
 d - 2 potions of might {unknown}
 e - a potion of brilliance {unknown}
 f - 3 potions of heal wounds
 k - a potion of curing {unknown}
 n - a potion of mutation {unknown}
 p - a potion of flight {unknown}
 u - a potion of haste


   Skills:
 + Level 2.1 Dodging
 + Level 2.5 Stealth
 + Level 0.1 Unarmed Combat
 + Level 4.1 Spellcasting
 + Level 2.4 Conjurations
 + Level 5.4 Fire Magic


You had 9 spell levels left.
You knew the following spells:

 Your Spells              Type           Power      Damage    Failure   Level
a - Foxfire               Conj/Fire      88%        2x1d8     1%          1
b - Scorch                Fire           58%        2d8       1%          2
c - Sting                 Tmut/Pois      16%        1d3       4%          1

Your spell library contained the following spells:

 Spells                   Type           Power      Damage    Failure   Level
 Inner Flame              Hex/Fire       17%        N/A       4%          3
 Poisonous Vapours        Pois/Air       8%         N/A       6%          2
 Kindle Blastsparks       Fire/Tloc/Air  26%        2d12      6%          3
 Flame Wave               Conj/Fire      22%        2d8       9%          4
 Manifold Assault         Tloc           4%         N/A       38%         4
 Olgreb's Toxic Radiance  Pois           4%         N/A       38%         4
 Dispersal                Tloc           2%         N/A       99%         6
 Disjunction              Tloc           2%         N/A       100%        8


Dungeon Overview and Level Annotations

Branches:
Dungeon (4/15)
 Temple: D:4-7

Altars:
Trog
The Shining One

Annotations:
D:4 Duvessa


Innate Abilities, Weirdness & Mutations

Your plain brown scales are hard. (AC +6)
You cannot fit into any form of body armour.
You are cold-blooded and may be slowed by cold attacks.


Message History

You hear a distant scream of rage.
Duvessa is nearby!
Casting: Scorch (safe; 1% risk of failure)
Confirm with . or Enter, or press ? or * to list all spells.
Flames lash Duvessa.
Duvessa is moderately wounded.
Duvessa's fire resistance burns away.
Duvessa goes berserk!
Duvessa hits you with a +0 short sword!
Casting: Scorch (safe; 1% risk of failure)
Confirm with . or Enter, or press ? or * to list all spells.
Flames lash Duvessa.
Duvessa is burned terribly!
Duvessa is moderately wounded.
Duvessa misses you. Duvessa closely misses you.
Casting: Scorch (safe; 1% risk of failure)
Confirm with . or Enter, or press ? or * to list all spells.
Flames lash Duvessa.
Duvessa is burned terribly!
Duvessa is heavily wounded.
Duvessa completely misses you.
Casting: Scorch (safe; 1% risk of failure)
Confirm with . or Enter, or press ? or * to list all spells.
You don't have enough magic to cast this spell.
You conjure some foxfire!
Duvessa hits you with a +0 short sword. x2
The foxfire hits Duvessa!
Duvessa is burned terribly!
Duvessa is severely wounded.
The foxfire hits Duvessa.
Duvessa is severely wounded.
Magic courses through your body. Duvessa hits you with a +0 short sword!
Duvessa hits you but does no damage.
Casting: Foxfire (safe; 1% risk of failure)
Confirm with . or Enter, or press ? or * to list all spells.
Flames lash Duvessa.
Duvessa is severely wounded.
Duvessa hits you with a +0 short sword.
* * * LOW HITPOINT WARNING * * *
Casting: Scorch (safe; 1% risk of failure)
Confirm with . or Enter, or press ? or * to list all spells.
Flames lash Duvessa.
Duvessa is burned terribly!
Duvessa is almost dead.
Duvessa hits you with a +0 short sword!
You die...

# # . .## .. #..# ##.
.?.### ##..# ....#
......##...###.....###
.e...e....# #........#
#...# #......... #####)##
#......... #..@e.#
#......<.. #.###.#
#......... #.###.##
#......... ###
###.##...####.........
#.####......_.........##..#
##.#...####...##.#...###..♣
##....### ##.###.#..## #..#
##.###...# #.###.#...###..♣
#.## ##..# #.....###......#


You could see Duvessa (berserk, combustible).

Vanquished Creatures
  Sigmund (D:2)
  Dowan (D:4)
  Crazy Yiuf (D:2)
  A hound (D:4)
  Natasha (thrice) (D:2)
  A gnoll (D:1)
  3 adders
  A worm (D:2)
  5 dart slugs
  3 orcs (D:4)
  5 endoplasms
  5 giant cockroaches
  4 goblins
  4 hobgoblins
  9 jackals
  4 quokkas
  7 ball pythons
  6 bats
  2 frilled lizards
  7 kobolds
  A rat (D:2)
74 creatures vanquished.

Vanquished Creatures (others)
  212 foxfires
  A fungus (D:2)
  4 plants (D:4)
217 creatures vanquished.

Grand Total: 291 creatures vanquished

Notes
Turn   | Place    | Note
-------+----------+-------------------------------------------
     0 | D:1      | Barriton the Draconian Fire Elementalist began the quest
                  | for the Orb.
     0 | D:1      | Reached XP level 1. HP: 14/14 MP: 3/3
   244 | D:1      | Reached XP level 2. HP: 20/20 MP: 1/5
   322 | D:1      | Learned a level 2 spell: Scorch
   441 | D:1      | Found a faded altar of an unknown god.
   833 | D:1      | Reached XP level 3. HP: 26/26 MP: 1/6
  1405 | D:2      | Reached skill level 4 in Fire Magic
  1502 | D:2      | Noticed Natasha
  1508 | D:2      | Killed Natasha
  1509 | D:2      | Reached XP level 4. HP: 33/33 MP: 0/7
  1672 | D:2      | Noticed Sigmund
  1677 | D:2      | Killed Sigmund
  1678 | D:2      | Reached XP level 5. HP: 38/38 MP: 1/10
  1790 | D:2      | Noticed Natasha
  1817 | D:2      | Killed Natasha
  1982 | D:2      | Found a bloodstained altar of Trog.
  2397 | D:2      | Reached skill level 5 in Fire Magic
  2536 | D:2      | Found a runed translucent door.
  2537 | D:2      | Noticed Crazy Yiuf
  2749 | D:2      | Noticed Natasha
  2757 | D:2      | Killed Natasha
  2758 | D:2      | Reached XP level 6. HP: 45/45 MP: 4/11
  2862 | D:2      | Killed Crazy Yiuf
  3231 | D:3      | Learned a level 1 spell: Sting
  4029 | D:4      | Found a glowing golden altar of the Shining One.
  4949 | D:4      | Noticed Duvessa
  4949 | D:4      | Noticed Dowan
  4956 | D:4      | Killed Dowan
  4967 | D:4      | Slain by Duvessa

Illustrated notes

Levels and vault maps discovered:
D:1:      tarquinn_simple_flora_water_d, layout_basic,
          ebering_ecumenical_altar_mist
D:2:      layout_basic, basic_altar, uniq_sigmund, uniq_crazy_yiuf_cottage,
          uniq_natasha
D:3:      layout_basic, wad_floor_pattern_untrapped, st_stairs_2
D:4:      layout_layer_cave, nicolae_overflow_crystal_walls, serial_forest,
          infiniplex_forest_end_1, infiniplex_forest_lined_room_2,
          infiniplex_forest_pool, infiniplex_forest_lined_room_2,
          infiniplex_forest_clump_curved, infiniplex_forest_clump_small,
          minmay_misc_feat_four_crosses, uniq_duvessa

Skill      XL: |  1  2  3  4  5  6 |
---------------+-------------------+-----
Dodging        | 2 |  2.1
Stealth        | 2 |  2.5
Fire Magic     | 4 5 |  5.4
Spellcasting   | 3 4 |  4.1
Conjurations   | 2 |  2.4
Unarmed Combat | |  0.1

Action                     |  1- 3 |  4- 6 || total
---------------------------+-------+-------++-------
  Melee: Unarmed           |     4 |     1 ||     5
         Tailslap          |     1 |       ||     1
   Cast: Foxfire           |    50 |    85 ||   135
         Scorch            |     6 |    23 ||    29
         Sting             |       |     1 ||     1
    Use: Scroll            |     2 |     3 ||     5
         Potion            |       |     1 ||     1
 Armour: Skin              |     3 |    11 ||    14
  Dodge: Dodged            |     5 |    10 ||    15

Table legend: (Time is in decaauts)
 A = Elapsed time spent in this place.
 B = Non-inter-level travel time spent in this place.
 C = Inter-level travel time spent in this place.
 D = Time resting spent in this place.
 E = Time spent auto-exploring this place.
 F = Levels seen in this place.
 G = Mean time per level.
                   A        B        C        D        E       F      G
               +--------+--------+--------+--------+--------+-----+--------+
         Total |   4982 |   4952 |     30 |      0 |   4475 |   4 | 1245.5 |
       Dungeon |   4982 |   4952 |     30 |      0 |   4475 |   4 | 1245.5 |
               +--------+--------+--------+--------+--------+-----+--------+

Top non-repeatable levels by time:
     D:2: 1693 daAuts
     D:1: 1252 daAuts
     D:4: 1186 daAuts
     D:3: 849 daAuts
